 Dungeon Crawl Stone Soup version 0.19.4-9-g45fd643 (webtiles) character file.

18 JNO the Charmwright (level 2, 0/19 HPs)
             Began as a High Elf Skald on Feb 15, 2017.
             Hit by a goblin thrown by Robin (2 damage)
             ... on level 2 of the Dungeon.
             The game lasted 00:04:56 (1046 turns).

JNO the Charmwright (High Elf Skald)                Turns: 1046, Time: 00:04:57

Health: 0/19       AC:  4    Str: 11    XL:     2   Next: 51%
Magic:  12/15      EV: 12    Int: 15    God:
Gold:   29         SH:  0    Dex: 14    Spells: 3 memorised, 1 level left

rFire  . . .     SeeInvis .     a - +0 falchion
rCold  . . .     Gourm    .     b - +0 leather armour
rNeg   . . .     Faith    .     (no shield)
rPois  .         Spirit   .     l - +0 helmet
rElec  .         Reflect  .     (no cloak)
rCorr  .         Harm     .     (no gloves)
MR     .....                    (no boots)
Stlth  ++........               (no amulet)
                                q - ring of stealth
                                j - ring of magical power

@: singing, very slightly contaminated
A: no striking features
a: Stop Singing


You were on level 2 of the Dungeon.
You were not hungry.

You visited 1 branch of the dungeon, and saw 2 of its levels.

You collected 29 gold pieces.

Inventory:

Hand Weapons
 a - a +0 falchion (weapon)
Armour
 b - a +0 leather armour (worn)
 l - a +0 helmet (worn)
Jewellery
 j - a ring of magical power (left hand)
 q - a ring of stealth (right hand)
Scrolls
 h - a scroll of blinking {unknown}
 i - 4 scrolls of remove curse {unknown}
 k - a scroll of identify {unknown}
 o - a scroll of enchant armour {unknown}
 p - a scroll of immolation {unknown}
Potions
 e - a potion of magic {unknown}
 n - a potion of agility {unknown}
Books
 c - a book of Battle

   Spells                             Type                      Level
   a - Infusion                       Charms                       1
   b - Shroud of Golubria             Charms/Translocation         2
   c - Song of Slaying                Charms                       2
   d - Spectral Weapon                Hexes/Charms                 3
   e - Regeneration                   Charms/Necromancy            3
Comestibles
 d - 2 bread rations
 f - 3 fruits
 g - a chunk of flesh
 m - a meat ration


   Skills:
 + Level 2.2 Fighting
   Level 0.0(1.6) Short Blades
 + Level 2.9 Long Blades
 - Level 0.8 Armour
 + Level 1.7 Dodging
 + Level 2.5 Spellcasting
 + Level 3.8 Charms


You had one spell level left.
You knew the following spells:

 Your Spells              Type           Power        Failure   Level  Hunger
a - Infusion              Chrm           ##..         10%         1    #......
b - Song of Slaying       Chrm           ##......     12%         2    ###....
c - Shroud of Golubria    Chrm/Tloc      #.........   21%         2    ###....


Dungeon Overview and Level Annotations

Branches:
Dungeon (2/15)

Altars:

Annotations:
D:2 Robin, Sigmund


Message History

Robin roars a battlecry!
The hobgoblin goes into a battle-frenzy!
The hobgoblin misses you.
You hit the hobgoblin.
The hobgoblin is heavily wounded.
The hobgoblin hits you.
You barely miss the hobgoblin.
The hobgoblin is heavily wounded.
The hobgoblin hits you.
Robin says, "My goblins will feast on your bones."
A goblin comes into view. It is wielding a dagger.
You hear a shout!
Sigmund the Dreaded comes into view.
He is wielding a scythe.
The hobgoblin no longer looks unusually strong.
The goblin no longer looks unusually strong.
Robin hits you from afar with a trident!
* * * LOW HITPOINT WARNING * * *
There is a stone staircase leading up here.
The hobgoblin barely misses you. Robin throws the goblin at you!
You die...

.$?...#....##
............## #
#..gg......... #.
#.##.........# #.
#.##.......#.#
###.##.#.g.gg...g.#
###.....ggg##.#
#.......g####.#
=......@g.gg..#
#.#.##.gS######
........#
.........#
#.#..#..#.#
#.......#@#
#.#.##..#.# #.#.
#..#..


You could see Sigmund, Robin, an adder, 4 hobgoblins and 4 goblins.

Vanquished Creatures
  An ooze (D:1)
  A dart slug (D:1)
  A goblin (D:1)
  4 hobgoblins (D:1)
  3 bats
  A frilled lizard (D:1)
  A kobold (D:1)
12 creatures vanquished.

Notes
Turn   | Place    | Note
-------+----------+-------------------------------------------
     0 | D:1      | JNO the High Elf Skald began the quest for the Orb.
     0 | D:1      | Reached XP level 1. HP: 14/14 MP: 4/4
   319 | D:1      | Reached XP level 2. HP: 9/19 MP: 2/6
   486 | D:1      | Learned a level 2 spell: Song of Slaying
   489 | D:1      | Learned a level 2 spell: Shroud of Golubria
  1032 | D:2      | Noticed Robin
  1044 | D:2      | Noticed Sigmund
  1046 | D:2      | Hit by a goblin thrown by Robin

Action                   || total
-------------------------++-------
Melee: Falchion          ||    39
 Cast: Infusion          ||     9
       Shroud of Golubri ||     2
       Song of Slaying   ||     1
  Eat: Chunk             ||     1
Armor: Leather armour    ||    12
Dodge: Dodged            ||    24
       Rpst.: Falchion   ||     4
